 Dungeon Crawl Stone Soup version 0.25-a0-201-g0bb11aece9 (webtiles) character file.

Game seed: 7144982794739606066, levelgen mode: deterministic

16 floatRand the Shield-Bearer (level 2, 0/24 HPs)
             Began as a Demonspawn Fighter on Dec 2, 2019.
             Succumbed to an adder's poison
             ... on level 2 of the Dungeon.
             The game lasted 00:00:36 (363 turns).

floatRand the Shield-Bearer (Demonspawn Fighter)     Turns: 363, Time: 00:00:37

Health: 0/24       AC:  6    Str: 16    XL:     2   Next: 37%
Magic:  2/2        EV:  6    Int:  9    God:
Gold:   40         SH:  8    Dex: 12    Spells: 1/1 levels left

rFire    . . .     SeeInvis .   a - +0 long sword
rCold    . . .     Gourm    .   c - +0 shield
rNeg     . . .     Faith    .   b - +0 scale mail
rPois    .         Spirit   .   (no helmet)
rElec    .         Reflect  .   (no cloak)
rCorr    .         Harm     .   (no gloves)
MR       .....                  (no boots)
Stlth    ..........             (no amulet)
HPRegen  0.08/turn              (no ring)
MPRegen  0.08/turn              (no ring)

@: lethally poisoned (0 -> -5)
A: claws 1
a: no special abilities


You were on level 2 of the Dungeon.
You were not hungry.

You visited 1 branch of the dungeon, and saw 2 of its levels.

You collected 40 gold pieces.

Inventory:

Hand Weapons
 a - a +0 long sword (weapon)
Missiles
 l - 5 boomerangs of dispersal (quivered)
Armour
 b - a +0 scale mail (worn)
 c - a +0 shield (worn)
Scrolls
 e - a scroll of fear {unknown}
 h - a scroll of enchant armour {unknown}
 k - a scroll of noise {unknown}
 m - a scroll of identify {unknown}
Potions
 d - a potion of might
 i - a potion of flight {unknown}
 j - a potion of heal wounds {unknown}
Comestibles
 f - 2 rations
 g - 6 chunks of flesh


   Skills:
 - Level 3.0 Fighting
 + Level 2.3 Long Blades
 - Level 2.6 Armour
 + Level 3.1 Shields


You had one spell level left.
You didn't know any spells.
Your spell library was empty.

Dungeon Overview and Level Annotations

Branches:
Dungeon (1/15)

Altars:


Innate Abilities, Weirdness & Mutations

You have sharp fingernails.


Message History

The adder poisons you! You block the quokka's attack. The adder bites you.
The quokka bites you.
You closely miss the adder.
The adder is lightly wounded.
You feel sick. The adder bites you. The quokka bites you.
The kobold hits you with a +0 whip.
* * * LOW HITPOINT WARNING * * *
You slash the adder!
The adder is almost dead.
* * * LOW HITPOINT WARNING * * *
You feel sick. The adder bites you.
* * * LOW HITPOINT WARNING * * *
The quokka bites you but does no damage.
The kobold hits you but does no damage. The adder bites you.
* * * LOW HITPOINT WARNING * * *
The quokka bites you but does no damage.
Unknown command.
You barely miss the adder.
The adder is almost dead.
You die...

#.........##..........
#.........#..##.#.####
#.........#รท###.#.##..
#.....................
#.........#####.#..##.
#.........# #.##....
#.........# #.. ...
##.....#### ..###.
##....@..## #
#....KS...# #....r....#
.. #.........# ..
#............ .#
#............
#.........####
#.........# #.........#


You could see an adder, a quokka and a kobold.

Vanquished Creatures
  A worm (D:2)
  A bat (D:1)
  2 giant cockroaches
  A goblin (D:1)
  A hobgoblin (D:1)
  A quokka (D:2)
  2 frilled lizards
  2 kobolds
  2 rats
  2 toadstools (D:1)
15 creatures vanquished.

Vanquished Creatures (others)
  2 toadstools (D:1)
2 creatures vanquished.

Grand Total: 17 creatures vanquished

Notes
Turn   | Place    | Note
-------+----------+-------------------------------------------
     0 | D:1      | floatRand the Demonspawn Fighter began the quest for the
                  | Orb.
     0 | D:1      | Reached XP level 1. HP: 18/18 MP: 1/1
   272 | D:1      | You fall into a shaft and drop 1 floor!
   280 | D:2      | Gained mutation: You have sharp fingernails. [demonic
                  | ancestry]
   280 | D:2      | Reached XP level 2. HP: 24/24 MP: 2/2
   361 | D:2      | HP: 1/24 [adder (4)]
   363 | D:2      | Succumbed to an adder's poison

Levels and vault maps discovered:
D:1:      ldierk_water_garden, layout_basic, chequers_jeans
D:2:      cheibrodos_old_hovel, layout_rooms, old_standard_altar

Skill      XL: |  1 |
---------------+----+-----
Long Blades    | 2 |  2.3
Shields        | 3 |  3.1
Fighting       | |  3.0
Armour         | |  2.6

Action                   || total
-------------------------++-------
Melee: Long sword        ||    44
Armor: Scale mail        ||    19
Dodge: Dodged            ||    14
Block: Shield            ||    16
       Rpst.: Long sword ||     7

Table legend:
 A = Non-vault XP
 B = Vault XP
 C = Vault XP percentage of total XP
 D = Non-vault monster count
 E = Vault monster count
 F = Vault count percentage of total count
                 A         B        C        D         E       F
            +---------+---------+-------+---------+---------+-------
      Total |      22 |       1 |   4.3 |      12 |       1 |   7.7
            +---------+---------+-------+---------+---------+-------
        D:1 |      11 |       0 |   0.0 |       7 |       0 |   0.0
        D:2 |      11 |       1 |   8.3 |       5 |       1 |  16.7
            +---------+---------+-------+---------+---------+-------
